Map: Doraelus Hills

Players

Groogns

  • Race: Protoss Protoss

ShaGGy

  • Race: Terran Terran
  • League: Diamond

SpookyJudas

  • Race: Terran Terran

JohnMcClane

  • Race: Protoss Protoss

Hindulaatti

  • Race: Zerg Zerg

JackONeill

  • Race: Zerg Zerg

VOD

Have the link to the VOD?

Description

Time

  • Played on: Feb. 1, 2016, 3:22 p.m.
  • Length: 11:02
Show
View Real Time Build Order
Export as new Build Order

Groogns Protoss 

Build Orders: Oracle Opening 

Get SALT Encoding   

  12  0:02  Probe (Chrono Boost)  
  13  0:12  Probe (Chrono Boost)  
  14  0:18  Pylon  
  14  0:23  Probe (Chrono Boost)  
  15  0:36  Probe (Chrono Boost)  
  16  0:43  Gateway  
  16  0:46  Probe (Chrono Boost)  
  17  0:54  Assimilator  
  17  0:55  Assimilator  
  17  0:57  Probe (Chrono Boost)  
  18  1:08  Probe (Chrono Boost)  
  20  1:18  Probe (Chrono Boost)  
  20  1:29  Probe (Chrono Boost)  
  21  1:39  Cybernetics Core, Probe (Chrono Boost)  
  22  1:43  Pylon  
  22  1:50  Pylon, Probe (Chrono Boost)  
  23  2:05  Probe (Chrono Boost)  
  24  2:15  Stargate  
  24  2:19  Mothership Core (Chrono Boost)  
  26  2:27  Warp Gate  
  26  2:36  Nexus  
  26  2:45  Probe (Chrono Boost)  
  27  2:54  Pylon  
  27  2:57  Probe (Chrono Boost)  
  28  3:00  Forge  
  28  3:07  Oracle (Chrono Boost)  
  31  3:19  Twilight Council  
  31  3:21  Probe  
  32  3:37  Oracle (Chrono Boost), Probe (Chrono Boost)  
  37  3:48  Probe (Chrono Boost)  
  37  4:04  Probe (Chrono Boost)  
  37  4:06  Probe  
  37  4:07  Protoss Ground Weapons Level 1  
  37  4:09  Resonating Glaives  
  36  4:15  Probe  
  37  4:18  Probe  
  38  4:25  Probe  
  38  4:30  Probe  
  40  4:42  Phoenix (Chrono Boost), Probe  
  40  4:43  Probe  
  44  4:52  Probe  
  44  4:55  Probe  
  44  4:57  Pylon  
  46  5:00  Pylon  
  46  5:03  Probe  
  46  5:05  Nexus  
  47  5:07  Probe  
  47  5:11  Pylon  
  48  5:17  Pylon  
  48  5:22  Pylon  
  48  5:24  Gateway x2  
  48  5:27  Gateway  
  48  5:29  Gateway  
  48  5:31  Gateway  
  48  5:40  Gateway  
  48  6:02  Probe  
  48  6:03  Probe  
  50  6:05  Protoss Ground Weapons Level 2 (Chrono Boost)  
  50  6:15  Probe  
  51  6:31  Pylon  
  51  6:32  Gateway  
  51  6:33  Gateway  
  51  6:36  Gateway  
  51  6:38  Probe  
  51  6:39  Probe  
  53  6:40  Adept x3  
  53  6:41  Adept x3  
  61  6:54  Phoenix (Chrono Boost)  
  63  7:03  Photon Cannon x2  
  63  7:06  Adept x2  
  63  7:07  Adept x4  
  75  7:12  Pylon, Probe x3  
  78  7:21  Phoenix (Chrono Boost)  
  78  7:22  Probe x2  
  80  7:24  Probe  
  83  7:36  Probe  
  84  7:40  Photon Cannon  
  84  7:41  Adept x5  
  84  7:42  Adept x2  
  98  7:45  Phoenix (Chrono Boost)  
  100  7:55  Pylon  
  100  7:56  Adept x3  
  106  8:11  Gateway  
  106  8:13  Gateway  
  106  8:17  Adept x3  
  106  8:18  Adept x3  
  115  8:31  Photon Cannon  
  115  8:33  Photon Cannon  
  115  8:43  Adept x5  
  113  9:31  Adept x10  
  117  9:54  Nexus  
  117  9:57  Pylon  
  109  10:00  Pylon  
  109  10:03  Pylon  
  89  10:15  Adept x4  
  89  10:16  Adept x6  
  81  10:45  Adept x3  
  81  10:46  Adept x4  
  93  10:53  Assimilator  
  93  10:55  Assimilator  
Show
View Real Time Build Order
Export as new Build Order

ShaGGy Terran 

Build Orders: Reaper Expand, MMM Bio 

Get SALT Encoding   

  12  0:02  SCV  
  13  0:14  SCV  
  14  0:19  Supply Depot  
  14  0:26  SCV  
  15  0:41  Refinery  
  15  0:42  SCV  
  16  0:45  Barracks  
  16  0:54  SCV  
  17  1:06  SCV  
  18  1:13  Supply Depot  
  18  1:18  SCV  
  19  1:34  Orbital Command, Reaper  
  20  1:52  Command Center  
  20  2:00  SCV  
  21  2:08  Factory  
  21  2:22  Barracks Reactor  
  21  2:23  SCV  
  22  2:35  SCV  
  23  2:42  Supply Depot  
  23  2:45  Barracks  
  23  2:47  SCV  
  24  3:00  SCV  
  25  3:10  Orbital Command, Barracks Tech Lab  
  25  3:13  Refinery  
  25  3:26  SCV  
  26  3:35  Hellion x2  
  26  3:36  Stimpack, Marine  
  26  3:38  Barracks Reactor, SCV  
  26  3:40  SCV  
  33  3:45  Engineering Bay  
  33  3:46  Supply Depot  
  33  3:50  SCV  
  33  3:52  SCV  
  35  4:02  SCV  
  36  4:04  Marauder  
  36  4:05  SCV  
  39  4:12  Hellion x2  
  39  4:14  SCV  
  39  4:15  Marine x2  
  46  4:17  SCV  
  46  4:20  Starport  
  46  4:21  Supply Depot, Barracks  
  47  4:26  Terran Infantry Weapons Level 1  
  47  4:27  SCV  
  47  4:28  Refinery  
  47  4:30  SCV  
  49  4:31  Refinery  
  49  4:39  SCV  
  50  4:52  SCV x2  
  52  4:55  Marine x2  
  52  4:56  Marauder, Engineering Bay  
  52  4:57  Medivac, Supply Depot  
  52  4:58  Hellion  
  60  5:04  SCV x2  
  61  5:16  SCV  
  61  5:20  Marauder  
  64  5:21  Barracks Tech Lab, Marine  
  64  5:22  Marine  
  64  5:23  Barracks Reactor  
  66  5:34  Factory Tech Lab  
  66  5:35  Terran Infantry Armor Level 1  
  66  5:39  Armory  
  62  5:48  Concussive Shells  
  62  5:49  Marine  
  62  5:50  Marauder, Marine  
  62  5:51  Medivac x2  
  70  6:00  SCV x2  
  72  6:16  Marauder, Marine x3  
  72  6:17  Marine  
  78  6:27  Terran Infantry Weapons Level 2  
  78  6:28  Command Center  
  78  6:29  Supply Depot  
  78  6:30  Supply Depot  
  78  6:39  Supply Depot  
  78  6:40  Supply Depot  
  78  6:41  Combat Shields  
  78  6:50  Medivac x2, Marine x2, SCV x2  
  78  6:52  Marine x2, Siege Tank  
  78  6:53  Missile Turret  
  91  6:58  Missile Turret  
  91  7:00  Missile Turret  
  91  7:02  SCV  
  91  7:08  Marauder, Marine x2  
  95  7:10  Marine x2  
  97  7:24  Siege Tank  
  97  7:26  Terran Vehicle Weapons Level 1  
  100  7:31  SCV x2  
  100  7:34  Marine x3  
  100  7:35  Marauder, Marine  
  108  7:43  Missile Turret  
  108  7:52  Marine  
  108  7:53  Marine  
  108  7:56  Marauder, Siege Tank  
  108  7:57  Starport Reactor  
  115  7:58  Barracks  
  115  7:59  Barracks  
  115  8:01  Supply Depot  
  115  8:05  Marine  
  115  8:06  Marine  
  115  8:10  Marine  
  108  8:14  Orbital Command  
  108  8:15  Missile Turret  
  108  8:17  Marauder  
  108  8:18  Missile Turret, SCV x2  
  112  8:27  Marine x2  
  112  8:28  Siege Tank  
  112  8:30  SCV  
  118  8:42  Supply Depot  
  113  9:19  Marauder, Barracks Tech Lab, Marine x2  
  113  9:20  Marine x2, Barracks Reactor  
  113  9:22  Medivac x2, Siege Tank  
  126  9:35  SCV x3  
  126  9:37  Marine x2  
  126  9:38  Marine x2  
  128  9:40  Marauder  
  128  9:42  Command Center, Refinery  
  128  9:43  Refinery  
  125  9:47  SCV  
  125  9:49  Marine  
  84  9:52  Medivac x2  
  127  9:54  Marine, Siege Tank  
  127  9:55  Marine  
  127  9:56  Marine x2  
  124  10:02  Marauder  
  124  10:05  Marine  
  116  10:08  Marauder  
  114  10:23  Marauder  
  112  10:29  Marauder  
  125  10:53  Supply Depot  
  125  10:54  Supply Depot  
  125  10:55  Supply Depot  
  127  10:57  Supply Depot  
Show
View Real Time Build Order
Export as new Build Order

SpookyJudas Terran 

Build Orders: MMM Bio 

Get SALT Encoding   

  12  0:01  SCV  
  13  0:13  SCV  
  14  0:18  Supply Depot  
  14  0:25  SCV  
  15  0:40  SCV  
  15  0:41  Barracks  
  16  0:52  SCV  
  16  0:55  Refinery  
  17  1:04  SCV  
  18  1:16  SCV  
  18  1:17  Barracks  
  19  1:19  Barracks  
  19  1:28  SCV  
  19  1:32  Refinery  
  20  1:40  Reaper, SCV  
  22  1:52  Orbital Command  
  22  1:56  Supply Depot  
  22  2:06  Reaper  
  23  2:18  Reaper  
  24  2:25  Reaper  
  24  2:28  SCV  
  26  2:41  Command Center  
  26  2:45  Reaper  
  27  2:51  SCV  
  27  2:54  Supply Depot  
  29  3:05  Reaper x2  
  29  3:09  SCV  
  31  3:19  Reaper  
  32  3:21  SCV  
  33  3:32  Barracks x2  
  33  3:39  Reaper x2  
  35  4:02  SCV x2  
  37  4:07  Command Center  
  37  4:08  Engineering Bay  
  37  4:10  Engineering Bay  
  37  4:16  Orbital Command  
  37  4:21  Reaper  
  37  4:24  Barracks Tech Lab  
  36  4:51  Reaper x3  
  39  4:53  Stimpack, SCV  
  39  4:54  SCV, Terran Infantry Weapons Level 1  
  39  4:56  Terran Infantry Armor Level 1  
  40  5:20  SCV  
  41  5:22  Orbital Command  
  41  5:24  SCV  
  41  5:26  Barracks Reactor x2  
  41  5:27  Barracks Reactor x2  
  41  5:32  SCV  
  38  5:58  SCV x3  
  38  6:03  Marine x2  
  38  6:04  Marine x6  
  44  6:10  SCV x2  
  44  6:11  Factory  
  51  6:12  SCV  
  51  6:13  Factory  
  51  6:14  Refinery  
  51  6:15  Refinery  
  52  6:22  SCV x2  
  54  6:36  SCV x3  
  56  6:48  SCV x3  
  56  6:49  Supply Depot x2  
  56  6:50  Supply Depot  
  59  6:54  Missile Turret  
  59  6:56  Missile Turret  
  59  6:58  Missile Turret  
  59  6:59  Marine  
  59  7:00  Marine x6, SCV x3  
  63  7:09  Starport  
  63  7:10  Factory Reactor x2  
  63  7:12  Starport, Marine x2, SCV x2  
  63  7:14  SCV  
  68  7:17  Marine, Armory  
  68  7:19  Supply Depot x2  
  68  7:22  Supply Depot  
  69  7:24  Marine x5, SCV x2  
  69  7:25  Marine  
  69  7:26  SCV  
  78  7:32  Refinery x2  
  78  7:43  SCV  
  75  7:54  Marine x2  
  75  7:55  Marine x5  
  81  8:04  SCV  
  82  8:08  SCV x2  
  84  8:16  Supply Depot x2, SCV  
  84  8:18  Supply Depot  
  84  8:19  Medivac x3  
  91  8:20  Medivac, Marine x3, SCV x2  
  91  8:21  Marine x4  
  91  8:22  Combat Shields, Marine  
  103  8:36  Command Center  
  103  8:38  Terran Infantry Weapons Level 2  
  103  8:40  Terran Infantry Armor Level 2  
  103  8:41  Marine x5  
  103  8:42  Marine x2  
  103  8:43  Marauder  
  103  8:45  Liberator x4  
  112  8:52  Barracks x2  
  112  8:53  Factory Reactor  
  112  8:55  Barracks  
  112  8:57  Factory Reactor  
  121  9:04  Barracks  
  121  9:07  Marine x2  
  121  9:08  Marine x4  
  121  9:09  Marine x2  
  134  9:10  Marauder  
  134  9:20  Supply Depot  
  134  9:21  Supply Depot  
  134  9:22  Supply Depot x2  
  134  9:38  Liberator x4  
  134  9:40  Marine x3  
  134  9:41  Marauder, Marine x2  
  134  9:42  Barracks Reactor  
  134  9:43  Barracks Tech Lab  
  153  10:00  Marine x4  
  153  10:01  Marine x5  
  153  10:02  Marauder  
  164  10:17  Missile Turret  
  164  10:20  Missile Turret  
  164  10:27  Marine x2  
  164  10:28  Marauder, Marine x6  
  170  10:29  Marauder, Marine x3  
  170  10:32  Supply Depot  
Show
View Real Time Build Order
Export as new Build Order

JohnMcClane Protoss 

Build Orders: Colossus Rush 

Get SALT Encoding   

  12  0:02  Probe (Chrono Boost)  
  13  0:13  Probe (Chrono Boost)  
  14  0:17  Pylon  
  14  0:23  Probe (Chrono Boost)  
  15  0:36  Probe (Chrono Boost)  
  15  0:41  Gateway  
  16  0:48  Probe (Chrono Boost)  
  17  0:51  Assimilator  
  17  1:02  Probe (Chrono Boost)  
  18  1:05  Assimilator  
  18  1:12  Probe (Chrono Boost)  
  19  1:29  Cybernetics Core  
  19  1:34  Probe (Chrono Boost)  
  20  1:47  Pylon  
  20  1:57  Probe (Chrono Boost)  
  21  2:05  Gateway  
  21  2:06  Pylon  
  21  2:08  Robotics Facility  
  21  2:17  Mothership Core (Chrono Boost)  
  22  2:36  Gateway, Probe (Chrono Boost)  
  23  2:46  Probe (Chrono Boost)  
  23  2:49  Warp Gate (Chrono Boost)  
  24  3:00  Robotics Bay  
  24  3:10  Probe (Chrono Boost)  
  24  3:12  Pylon  
  25  3:24  Pylon  
  23  4:07  Colossus  
  30  4:17  Forge, Probe  
  28  4:29  Probe  
  20  4:43  Probe (Chrono Boost)  
  21  4:52  Photon Cannon  
  21  4:53  Probe (Chrono Boost)  
  22  5:04  Probe (Chrono Boost)  
  23  5:16  Colossus  
  29  5:24  Stalker  
  32  5:28  Probe (Chrono Boost)  
  32  5:39  Probe (Chrono Boost)  
  33  5:49  Probe (Chrono Boost)  
  34  6:03  Probe (Chrono Boost)  
  35  6:10  Colossus (Chrono Boost)  
  41  6:13  Probe (Chrono Boost)  
  41  6:14  Zealot  
  44  6:28  Probe (Chrono Boost)  
  45  6:44  Extended Thermal Lance (Chrono Boost)  
  44  7:12  Pylon  
  44  7:13  Stalker x2  
  46  7:44  Observer (Chrono Boost)  
  46  7:46  Nexus  
  46  7:47  Pylon  
  46  7:50  Pylon  
  47  8:11  Observer (Chrono Boost)  
  48  8:24  Photon Cannon  
  48  8:31  Stalker x2  
  52  8:37  Gateway  
  52  8:38  Gateway  
  52  8:55  Zealot  
  52  8:56  Zealot  
  28  9:11  Zealot  
  20  9:52  Zealot  
  28  10:10  Gateway  
  26  10:16  Gateway  
  20  10:36  Pylon  
Show
View Real Time Build Order
Export as new Build Order

Hindulaatti Zerg 

Build Orders: Hatch First 

Get SALT Encoding   

  12  0:11  Drone  
  14  0:14  Drone  
  14  0:18  Extractor  
  14  0:19  Extractor  
  12  0:21  Drone  
  12  0:23  Drone  
  16  0:54  Hatchery  
  16  0:56  Overlord  
  15  1:09  Spawning Pool  
  14  1:15  Drone x3  
  17  1:25  Extractor  
  16  1:33  Drone  
  16  1:37  Drone  
  18  1:50  Drone  
  19  1:56  Spine Crawler  
  19  1:58  Drone  
  19  2:00  Queen  
  21  2:06  Queen  
  21  2:07  Drone  
  24  2:11  Overlord  
  24  2:17  Drone  
  24  2:22  Drone  
  26  2:30  Metabolic Boost  
  26  2:32  Drone x2  
  28  2:38  Drone  
  29  2:47  Zergling x2  
  30  2:52  Zergling x4  
  32  2:59  Overlord  
  33  3:05  Drone  
  33  3:21  Drone x3  
  33  3:22  Drone x4  
  33  3:23  Lair  
  40  3:27  Drone  
  35  3:55  Drone x4  
  30  3:56  Drone x5  
  35  4:11  Spine Crawler  
  34  4:17  Drone  
  34  4:18  Drone x5  
  40  4:27  Spore Crawler  
  40  4:29  Spore Crawler  
  31  4:38  Queen  
  31  4:44  Spire  
  31  4:48  Zergling x16  
  31  4:49  Zergling x4  
  40  5:10  Drone x4  
  44  5:22  Extractor x2  
  44  5:23  Extractor  
  44  5:27  Drone  
  44  5:28  Drone x2  
  34  6:00  Mutalisk  
  34  6:01  Mutalisk x4  
  34  6:03  Overlord x3  
  44  6:20  Mutalisk  
  44  6:21  Mutalisk x4  
  54  6:36  Mutalisk x2  
  58  6:44  Drone x3  
  58  6:45  Drone x2  
  59  6:57  Mutalisk  
  59  6:58  Mutalisk  
  59  7:00  Zergling x12  
  67  7:12  Overlord  
  67  7:22  Overlord  
  67  7:27  Drone  
  68  7:36  Mutalisk x3  
  68  7:37  Mutalisk  
  70  7:40  Overlord x2  
  76  7:47  Pneumatized Carapace  
  76  7:49  Overseer  
  76  7:53  Overlord x2  
  76  7:55  Overseer  
  76  8:22  Baneling Nest  
  76  8:23  Zerg Flyer Weapons Level 1  
  76  8:25  Evolution Chamber  
  76  8:27  Mutalisk x2  
  75  9:05  Zergling x2  
  75  9:06  Zergling x26  
  76  9:41  Baneling x5  
  76  9:42  Baneling  
  76  9:47  Mutalisk  
  76  9:48  Mutalisk x5  
  75  10:09  Zergling x2  
  75  10:10  Zergling x2  
  73  10:22  Zergling x8  
Show
View Real Time Build Order
Export as new Build Order

JackONeill Zerg 

Build Orders: 3 Hatch before Pool 

Get SALT Encoding   

  12  0:01  Drone  
  13  0:08  Drone  
  14  0:16  Overlord  
  14  0:22  Extractor  
  14  0:23  Drone  
  15  0:35  Drone  
  16  0:36  Drone  
  17  0:53  Hatchery  
  16  1:00  Drone x2  
  18  1:20  Hatchery  
  17  1:31  Spawning Pool  
  16  1:34  Drone  
  16  1:38  Drone  
  18  1:41  Extractor  
  18  1:42  Drone  
  18  1:51  Drone  
  19  1:56  Drone  
  20  2:07  Drone x2  
  22  2:18  Queen  
  22  2:19  Queen  
  22  2:21  Drone  
  27  2:23  Drone  
  28  2:30  Overlord  
  28  2:33  Drone  
  28  2:35  Drone  
  30  2:45  Metabolic Boost  
  30  2:47  Zergling x4  
  30  2:51  Overlord  
  32  3:02  Drone  
  32  3:03  Drone x3  
  36  3:06  Overlord  
  36  3:10  Spore Crawler  
  36  3:12  Drone  
  36  3:13  Drone  
  36  3:18  Spore Crawler  
  35  3:29  Queen  
  35  3:30  Drone x2  
  39  3:39  Drone  
  39  3:40  Drone x5  
  45  3:45  Overlord  
  45  3:50  Queen  
  45  3:55  Zergling x4  
  49  4:01  Spore Crawler  
  48  4:09  Drone x3  
  51  4:10  Drone x2  
  51  4:12  Zergling x8  
  57  4:17  Overlord  
  57  4:22  Evolution Chamber, Extractor  
  55  4:29  Drone x2  
  55  4:30  Drone x3  
  60  4:38  Overlord x3  
  57  4:41  Extractor x2  
  53  4:51  Zergling x6  
  53  4:52  Zergling x10  
  59  4:56  Spine Crawler  
  59  4:59  Baneling Nest  
  53  5:15  Zergling x2  
  53  5:16  Zergling x4  
  55  5:23  Spine Crawler  
  55  5:25  Spine Crawler  
  55  5:28  Spine Crawler  
  52  5:29  Overlord  
  48  5:37  Drone x4  
  40  5:57  Drone x3  
  40  5:58  Drone x3  
  46  6:12  Queen  
  46  6:13  Drone x2  
  46  6:14  Drone  
  51  6:19  Drone x2  
  51  6:20  Drone  
  54  6:40  Drone x4  
  54  6:42  Extractor  
  54  6:44  Extractor  
  54  6:45  Drone  
  54  6:46  Drone x3  
  54  6:47  Drone x2  
  61  6:52  Lair  
  61  6:53  Zerg Ground Armor Level 1  
  62  6:54  Zergling x2  
  62  6:55  Zergling x4  
  62  7:00  Overlord x2  
  65  7:09  Drone x3  
  65  7:14  Zergling x6  
  71  7:22  Drone x2  
  73  7:27  Evolution Chamber  
  73  7:30  Drone x3  
  73  7:31  Overlord x3  
  75  7:59  Zerg Melee Weapons Level 1  
  75  8:00  Infestation Pit  
  74  8:22  Infestation Pit  
  74  8:25  Spine Crawler  
  73  8:35  Centrifical Hooks  
  73  8:41  Overseer  
  73  8:42  Overlord  
  73  8:43  Overlord x4  
  73  8:46  Hive, Pathogen Glands  
  73  8:47  Infestor x2  
  73  8:48  Infestor x5  
  79  8:51  Zergling x10  
  79  8:52  Zergling x2  
  93  9:04  Zergling x8  
  93  9:05  Zergling x12  
  93  9:06  Zergling x2  
  93  9:07  Hatchery  
  93  9:09  Extractor  
  102  9:10  Extractor  
  91  9:29  Zergling x4  
  91  9:30  Zergling x12  
  91  9:31  Zergling x4  
  96  9:43  Zergling x8  
  100  9:52  Drone x3  
  88  10:06  Zergling x8  
  71  10:15  Ultralisk Cavern  
  59  10:24  Zergling x6  
  59  10:27  Zergling x10  
  59  10:28  Zergling x2  
  57  10:45  Evolution Chamber  
Tags
 
Add a new tag
Caveats
  • Supply blocks, unpowered buildings, or Contaminate may cause inaccurate times.
  • Supply counts are checked every 10 seconds.